 Dungeon Crawl Stone Soup version 0.21.0-3-g78d12a8 (webtiles) character file.

81 tidbits the Sneak (level 4, -3/23 HPs)
             Began as a Vine Stalker Air Elementalist on Jan 10, 2018.
             Killed from afar by an orc wizard (8 damage)
             ... with a puff of frost
             ... on level 4 of the Dungeon.
             The game lasted 00:05:58 (902 turns).

tidbits the Sneak (Vine Stalker Air Elementalist)    Turns: 902, Time: 00:05:59

Health: -3/23      AC:  2    Str: 12    XL:     4   Next: 40%
Magic:  0/8        EV: 12    Int: 20    God:
Gold:   113        SH:  0    Dex: 14    Spells: 6/7 levels left

rFire    . . .     SeeInvis .   k - +0 dagger
rCold    . . .     Gourm    .   (no shield)
rNeg     . . .     Faith    .   a - +0 robe
rPois    .         Spirit   +   (no helmet)
rElec    .         Reflect  .   (no cloak)
rCorr    .         Harm     .   (no gloves)
MR       .....                  (no boots)
Stlth    +++.......             R - amulet of regeneration
HPRegen  0.87/turn              (no ring)
MPRegen  0.11/turn              (no ring)

@: brilliant, very slightly contaminated, invisible
A: fangs 2, regeneration 1, magic shield, antimagic bite, no potion heal 3, rot
immunity
a: no special abilities


You were on level 4 of the Dungeon.
You were hungry.

You visited 1 branch of the dungeon, and saw 5 of its levels.

You collected 113 gold pieces.

Inventory:

Hand Weapons
 g - a +0 short sword
 k - a +0 dagger (weapon)
 l - a +0 falchion
 p - a +1 mace of protection
   (You found it on level 2 of the Dungeon)
Armour
 a - a +0 robe (worn)
Jewellery
 R - an amulet of regeneration (around neck)
   (You found it on level 1 of the Dungeon)
Scrolls
 f - a scroll of noise {unknown}
 h - a scroll of teleportation {unknown}
 i - a scroll of remove curse {unknown}
 m - a scroll of fear {unknown}
 o - 2 scrolls of enchant armour {unknown}
Potions
 d - a potion of flight
 e - a potion of curing
Books
 b - a book of Air

   Spells                             Type                      Level
   a - Shock                          Conjuration/Air              1
   b - Swiftness                      Charms/Air                   2
   c - Static Discharge               Conjuration/Air              3
   d - Airstrike                      Air                          4
   e - Lightning Bolt                 Conjuration/Air              5
Comestibles
 c - 3 rations
 q - a chunk of flesh


   Skills:
 + Level 2.2 Fighting
 - Level 1.6 Dodging
 + Level 4.3 Stealth
 - Level 2.2 Spellcasting
 - Level 1.1 Conjurations
 - Level 3.0 Air Magic


You had 6 spell levels left.
You knew the following spells:

 Your Spells              Type           Power        Failure   Level  Hunger
a - Shock                 Conj/Air       ###.         1%          1    #......


Dungeon Overview and Level Annotations

Branches:
Dungeon (5/15)
 Temple: D:4-7

Altars:
Dithmenos

Annotations:
D:3 tidbits's ghost, weakling VSAE
D:4 kegs's ghost, novice HOFi
D:5 Edmund


Innate Abilities, Weirdness & Mutations

You have extremely sharp teeth.
Your natural rate of healing is unusually fast.
When hurt, damage is shared between your health and your magic reserves.
Your bite disrupts and absorbs the magic of your enemies.
Potions cannot restore your health.
You are immune to rotting.


Message History

Confirm with . or Enter, or press ? or * to list all spells.
Aiming: Shock
Press: ? - help, Shift-Dir - straight line, f/p - orc
Aim: an orc, wielding a hand axe (severely wounded)
The zap hits the orc.
You kill the orc!
An orc comes into view. It is wielding a short sword.
There is an open door here.
You open the door.
There is an open door here.
You open the door.
There is an open door here.
You open the door.
There is an open door here.
Found a potion of brilliance.
An adder zombie comes into view.
Edmund the Younger comes into view.
He is wielding a flail of draining.
A crimson imp comes into view.
The crimson imp moves out of view.
An orc comes into view. It is wielding a club.
Found an escape hatch in the ceiling.
The orc throws a tomahawk.
The tomahawk barely misses you.
You see here a tomahawk.
An orc wizard comes into view. It is wielding an enchanted dagger.
The orc throws a tomahawk.
The tomahawk hits you but does no damage.
The orc wizard mumbles some strange words.
The orc wizard seems to speed up.
An orc comes into view. It is wielding an enchanted hand axe.
You see here a tomahawk.
The orc throws a tomahawk.
The tomahawk hits you.
You see here a tomahawk.
You open the door.
There is an escape hatch in the ceiling here.
The orc wizard misses you. The orc hits you with a short sword.
A mysterious force pulls you upwards. The hatch slams shut behind you.
Level annotation: kegs's ghost, novice HOFi A hound comes into view.
Found a glowing long sword and 5 gold pieces.
Found a shadowy altar of Dithmenos.
Unknown command.
The orc wizard hits you but does no damage.
The orc wizard hits you with an enchanted dagger.
The hound barks!
The orc wizard closely misses you.
The orc wizard gestures at you while chanting.
The puff of flame hits you!
An iguana comes into view.
The iguana hisses angrily.
The orc wizard closely misses you.
You fade into invisibility!
The orc wizard hits you but does no damage.
You are very lightly contaminated with residual magic.
Unknown command.
You hit the orc wizard.
The orc wizard is lightly wounded.
The orc wizard hits you but does no damage.
The orc wizard closely misses you. The orc barely misses you.
You hit the orc wizard but do no damage.
The orc wizard is lightly wounded.
The orc wizard closely misses you. The orc barely misses you.
You closely miss the orc wizard.
You bite the orc wizard, but do no damage.
The orc wizard is lightly wounded.
The orc wizard closely misses you.
The orc wizard hits you with an enchanted dagger.
The orc hits you with a short sword. The iguana bites you.
* * * LOW HITPOINT WARNING * * *
Unknown command.
You feel clever all of a sudden.
The orc wizard casts a spell at the hound.
The puff of frost hits the hound.
The iguana closely misses you.
Casting: Shock
Confirm with . or Enter, or press ? or * to list all spells.
Aiming: Shock
Press: ? - help, Shift-Dir - straight line, f - orc
Aim: an orc, wielding a short sword The zap hits the hound.
The hound is almost dead.
The zap misses the orc.
The hound bites you.
* * * LOW HITPOINT WARNING * * *
The iguana barely misses you. The hound bites you.
* * * LOW HITPOINT WARNING * * *
Casting: Shock
Confirm with . or Enter, or press ? or * to list all spells.
Aiming: Shock
Press: ? - help, Shift-Dir - straight line, p - orc You miscast Shock.
Nothing appears to happen.
The hound barely misses you. The iguana closely misses you.
Casting: Shock
Confirm with . or Enter, or press ? or * to list all spells.
You don't have enough magic to cast that spell.
You hit the hound but do no damage. You bite the hound. You drain its power.
You feel invigorated.
You kill the hound!
The orc wizard points at you and mumbles some strange words.
The puff of frost misses the orc.
The puff of frost hits you!
You die...

##).##.....
#....##..## #
#..._.#...#.#
#....##.....#
##..##...####
##...o.##
###.o.# ###†#
#@# #l# #.#
#.# ..# .## .
#.


You could see an iguana, an orc wizard and an orc.

Vanquished Creatures
  A hound (D:4)
  A hound skeleton (D:4)
  An adder (D:2)
  3 dart slugs (D:2)
  A leopard gecko (D:1)
  An orc (D:5)
  6 bats
  A giant cockroach (D:2)
  A goblin (D:1)
  4 hobgoblins (D:1)
  A jackal (D:1)
  3 kobolds (D:1)
  A quokka (D:4)
  2 ball pythons
  2 frilled lizards
  5 rats
34 creatures vanquished.

Notes
Turn   | Place    | Note
-------+----------+-------------------------------------------
     0 | D:1      | tidbits the Vine Stalker Air Elementalist began the quest for the Orb.
     0 | D:1      | Reached XP level 1. HP: 9/9 MP: 4/4
   142 | D:1      | Reached XP level 2. HP: 2/14 MP: 1/6
   206 | D:1      | HP: 1/14 [goblin/dagger (1)]
   311 | D:1      | Reached skill level 1 in Fighting
   311 | D:1      | Reached skill level 3 in Stealth
   581 | D:2      | Reached XP level 3. HP: 18/18 MP: 3/7
   774 | D:3      | Noticed tidbits's ghost (weakling VSAE)
   814 | D:4      | Reached skill level 2 in Fighting
   814 | D:4      | Reached skill level 4 in Stealth
   814 | D:4      | Gained mutation: Your natural rate of healing is unusually fast. [Vine Stalker growth]
   814 | D:4      | Reached XP level 4. HP: 21/23 MP: 6/8
   829 | D:4      | Noticed kegs's ghost (novice HOFi)
   850 | D:5      | Entered Level 5 of the Dungeon
   872 | D:5      | Noticed Edmund
   888 | D:4      | Found a shadowy altar of Dithmenos.
   902 | D:4      | Killed from afar by an orc wizard

Skill      XL: |  1  2  3 |
---------------+----------+-----
Fighting       | 1 2 |  2.2
Stealth        | 3 4 |  4.3
Dodging        | |  1.6
Spellcasting   | |  2.2
Conjurations   | |  1.1
Air Magic      | |  3.0

Action                   |  1- 3 |  4- 6 || total
-------------------------+-------+-------++-------
Melee: Short sword       |    25 |       ||    25
       Bite              |    11 |     4 ||    15
       Dagger            |    35 |    13 ||    48
 Cast: Shock             |    33 |     4 ||    37
  Use: Scroll            |     4 |       ||     4
       Potion            |       |     2 ||     2
 Stab: Sleeping          |     6 |       ||     6
Armor: Robe              |    10 |     2 ||    12
Dodge: Dodged            |    29 |    16 ||    45

Table legend:
 A = Turns spent in this place as a percentage of turns spent in the entire game.
 B = Non-inter-level travel turns spent in this place as a percentage of non-inter-level travel turns spent in the entire game.
 C = Inter-level travel turns spent in this place as a percentage of turns spent in this place.
 D = Turns resting spent in this place as a percentage of non-inter-level travel turns spent in this place.
 E = Turns spent auto-exploring this place as a percentage of non-inter-level travel turns spent in this place.
 F = Non-inter-level travel turns spent in this place divided by the number of levels of this place that you've seen.
                   A       B       C       D       E      F
               +-------+-------+-------+-------+-------+----------------------
         Total | 100.0 | 100.0 |   0.0 |   0.0 |   0.0 | 180.4
       Dungeon | 100.0 | 100.0 |   0.0 |   0.0 |   0.0 | 180.4
               +-------+-------+-------+-------+-------+----------------------

Table legend:
 A = Kills in this place as a percentage of kills in entire the game.
 B = Kills by you in this place as a percentage of kills by you in the entire game.
 C = Kills by friends in this place as a percentage of kills by friends in the entire game.
 D = Other kills in this place as a percentage of other kills in the entire game.
 E = Experience gained in this place as a percentage of experience gained in the entire game.
 F = Experience gained in this place divided by the number of levels of this place that you have seen.
                   A       B       C       D       E      F
               +-------+-------+-------+-------+-------+----------------------
         Total | 100.0 | 100.0 |   N/A |   N/A | 100.0 |  23.2
       Dungeon | 100.0 | 100.0 |   N/A |   N/A | 100.0 |  23.2
               +-------+-------+-------+-------+-------+----------------------

Vault maps used:
D:1:      eino_arrival_water_star, minmay_tall_x
D:2:      minitemple, first_ration
D:3:      overflow_temple_1_default, uniq_ijyb, uniq_robin
D:4:      nicolae_dithmenos_through_a_glass_darkly
D:5:      temple_statues, serial_shops, shop_fountains, shop,
          portal_sewer_entry_b, uniq_edmund
